Map: [ESL] Moondance

Players

marcj (uThermal)

  • Race: Terran Terran
  • League: Master
  • Spawn Location: 6:00

Zoun - Winner!

  • Race: Protoss Protoss
  • Spawn Location: 12:00

Event: HomeStory Cup XXI

VOD

Have the link to the VOD?

Description

Time

  • Played on: July 23, 2022, 12:55 p.m.
  • Length: 15:54

All games in this series

Show
View Real Time Build Order
Export as new Build Order

marcj Terran 

Build Orders:  

Get SALT Encoding   

  12  0:00  SCV  
  13  0:12  SCV  
  14  0:16  Supply Depot  
  14  0:24  SCV  
  15  0:38  SCV  
  15  0:39  Barracks  
  16  0:42  Refinery  
  16  0:50  SCV  
  16  0:52  Refinery  
  17  1:02  SCV  
  18  1:14  SCV  
  19  1:26  Orbital Command, Reaper  
  19  1:27  Supply Depot  
  20  1:40  Factory  
  20  1:52  SCV  
  21  1:58  Reaper  
  22  2:04  SCV  
  23  2:16  SCV  
  23  2:22  Command Center  
  24  2:28  Hellion  
  27  2:30  SCV  
  27  2:39  Barracks Reactor  
  27  2:42  SCV  
  28  2:44  Starport  
  28  2:50  Factory Tech Lab  
  28  2:51  Supply Depot  
  28  2:54  SCV  
  29  3:06  SCV  
  30  3:13  Cyclone  
  30  3:15  Marine x2  
  35  3:21  Viking  
  35  3:25  SCV  
  38  3:33  Marine  
  38  3:34  Orbital Command, Marine  
  39  3:37  SCV  
  41  3:46  Cyclone  
  44  3:49  SCV  
  44  3:51  Marine x2  
  47  3:58  Viking  
  47  4:01  SCV  
  47  4:02  SCV  
  51  4:09  Marine x2  
  53  4:13  SCV  
  53  4:16  Supply Depot  
  54  4:32  Starport Tech Lab  
  54  4:35  Command Center  
  54  4:37  Marine x2  
  54  4:38  SCV x2  
  56  4:50  SCV x2  
  57  4:54  Siege Tank  
  58  5:02  SCV x2  
  58  5:03  Raven  
  58  5:04  Barracks  
  58  5:06  Barracks  
  61  5:09  Bunker  
  61  5:10  Supply Depot  
  61  5:11  Marine  
  62  5:17  Engineering Bay  
  62  5:26  Refinery  
  62  5:31  SCV x2, Siege Tank, Marine x2  
  69  5:39  Supply Depot  
  69  5:43  SCV  
  69  5:44  Terran Infantry Weapons Level 1  
  69  5:47  SCV  
  71  5:50  Marine x2  
  71  5:55  SCV  
  74  5:58  Orbital Command  
  74  5:59  SCV  
  75  6:05  Marine  
  75  6:07  SCV  
  75  6:08  Marine  
  75  6:11  SCV, Marauder  
  81  6:12  Factory Reactor, Stimpack  
  81  6:14  Starport Reactor  
  81  6:20  SCV, Marine  
  81  6:21  Refinery  
  81  6:23  SCV x2  
  81  6:24  Supply Depot  
  85  6:27  Marine x2  
  85  6:31  Marine  
  85  6:32  SCV  
  89  6:34  Combat Shield, Supply Depot  
  89  6:35  SCV  
  90  6:40  Barracks  
  90  6:42  Marine  
  90  6:43  Barracks, SCV  
  90  6:45  Marine  
  90  6:46  Marauder  
  95  6:48  Supply Depot  
  95  6:50  Supply Depot, Medivac  
  95  6:51  SCV  
  95  6:53  SCV  
  99  6:55  Marine, Medivac  
  99  6:57  SCV  
  99  7:00  Marine  
  104  7:03  Supply Depot  
  104  7:04  Widow Mine x2  
  104  7:05  SCV  
  109  7:09  Supply Depot, SCV x2, Marine  
  109  7:15  Marine x2  
  112  7:17  SCV  
  112  7:18  Supply Depot  
  112  7:20  Supply Depot  
  112  7:21  SCV  
  116  7:24  Medivac  
  116  7:25  Medivac  
  116  7:27  SCV, Supply Depot  
  116  7:29  Marine  
  121  7:31  Barracks Tech Lab  
  121  7:34  Barracks Reactor  
  121  7:36  Refinery, Marine  
  123  7:37  Marine  
  123  7:38  Terran Infantry Armor Level 1  
  123  7:40  Widow Mine x2  
  123  7:41  Marine  
  126  7:54  SCV, Medivac  
  126  7:55  Marine x2, Marauder  
  126  7:56  Supply Depot, Marauder  
  135  7:59  SCV  
  135  8:00  SCV, Supply Depot  
  135  8:01  Marine, Widow Mine  
  140  8:06  SCV, Widow Mine  
  143  8:13  Marine  
  143  8:16  SCV, Supply Depot, Marauder  
  147  8:23  Widow Mine  
  147  8:26  Armory, Medivac  
  150  8:27  Widow Mine  
  150  8:28  Ghost Academy, Marine x2  
  150  8:30  Engineering Bay  
  150  8:31  Marine  
  150  8:33  Marine  
  156  8:35  SCV x2, Missile Turret  
  158  8:42  Marine, Supply Depot  
  158  8:44  Widow Mine  
  158  8:45  Medivac  
  160  8:49  Supply Depot, Widow Mine  
  160  8:55  Marine  
  163  8:56  Marauder  
  163  9:02  Medivac  
  167  9:05  Marine  
  167  9:06  Marauder  
  167  9:08  Ghost  
  167  9:09  Widow Mine  
  174  9:17  Ghost  
  174  9:19  Command Center  
  174  9:20  Terran Infantry Weapons Level 2  
  176  9:28  Ghost  
  178  9:36  Ghost  
  178  9:37  Marine x2  
  182  9:46  Barracks, Marauder  
  182  9:47  Barracks  
  182  9:48  Barracks  
  182  9:52  SCV x2  
  186  9:55  Missile Turret x2  
  180  10:05  Ghost  
  164  10:09  Ghost  
  164  10:12  Marine x2  
  164  10:13  Marauder  
  153  10:16  Widow Mine x2  
  153  10:20  SCV  
  155  10:25  SCV x2  
  157  10:30  Marine x2  
  157  10:34  Ghost, SCV, Missile Turret, Marauder  
  164  10:37  SCV x2  
  164  10:39  Marauder  
  145  10:56  Marauder  
  122  10:58  Marine  
  122  10:59  Ghost, Marine x2  
  122  11:00  Marine  
  122  11:03  Marauder  
  107  11:08  Barracks Tech Lab x2  
  104  11:13  Widow Mine  
  104  11:15  Widow Mine  
  104  11:16  Marine  
  104  11:17  Marine x2, Marauder  
  113  11:18  Barracks Tech Lab, Marine  
  113  11:23  Enhanced Shockwaves  
  113  11:24  Marauder  
  115  11:29  Marauder  
  117  11:34  Ghost, Marine, Widow Mine  
  117  11:35  Marine  
  117  11:36  Ghost  
  117  11:38  Marine, Marauder  
  117  11:39  Marine, Marauder  
  131  11:43  Concussive Shells  
  131  11:46  Marauder  
  133  11:50  Marauder  
  133  11:51  Medivac  
  137  11:59  Ghost  
  137  12:00  Ghost  
  141  12:02  Marine  
  141  12:03  Marauder  
  141  12:04  Marine  
  141  12:05  Marine  
  141  12:06  Marauder  
  148  12:15  Ghost  
  150  12:27  Ghost  
  150  12:28  Ghost  
  150  12:29  Command Center  
  154  12:34  Marine  
  154  12:35  Marauder  
  157  12:39  Ghost  
  157  12:44  Marine x2, Marauder  
  157  12:49  Widow Mine x2  
  163  12:53  Marine, Marauder  
  166  13:00  Missile Turret  
  166  13:07  Ghost  
  166  13:09  Marine x2  
  166  13:10  Widow Mine  
  166  13:12  Widow Mine  
  176  13:14  Marine  
  176  13:17  Marine  
  176  13:18  Missile Turret, Marauder  
  178  13:22  SCV  
  178  13:23  SCV  
  178  13:25  SCV  
  181  13:28  Missile Turret  
  181  13:29  Marine  
  181  13:30  Marauder  
  184  13:34  SCV  
  184  13:38  SCV x2  
  185  13:48  Viking  
  191  13:52  Viking  
  187  14:05  Starport  
  187  14:09  Planetary Fortress  
  185  14:18  Viking  
  185  14:21  Viking  
  189  14:28  Marine x3, Marauder  
  189  14:29  Marauder x2  
  198  14:38  Ghost  
  195  14:40  Marine  
  199  14:47  Viking x2  
Show
View Real Time Build Order
Export as new Build Order

Zoun Protoss - Winner!

Build Orders: 1 Gate Expand, Oracle Opening 

Get SALT Encoding   

  12  0:00  Probe  
  13  0:12  Probe  
  14  0:18  Pylon  
  14  0:24  Probe (Chrono Boost)  
  15  0:36  Probe (Chrono Boost), Gateway  
  16  0:44  Probe (Chrono Boost)  
  16  0:45  Assimilator  
  17  0:51  Probe  
  18  1:03  Probe  
  19  1:15  Probe  
  20  1:24  Cybernetics Core  
  20  1:33  Nexus  
  20  1:36  Probe  
  21  1:43  Pylon  
  21  1:48  Probe  
  21  1:51  Assimilator  
  22  1:59  Adept (Chrono Boost)  
  22  2:00  Probe  
  25  2:12  Probe  
  26  2:19  Stargate  
  26  2:25  Adept  
  26  2:26  Probe  
  29  2:32  Warp Gate  
  29  2:39  Probe (Chrono Boost)  
  30  2:44  Shield Battery  
  30  2:45  Probe (Chrono Boost)  
  30  2:51  Probe (Chrono Boost)  
  32  2:55  Adept, Probe (Chrono Boost)  
  32  2:56  Probe (Chrono Boost)  
  35  3:00  Probe (Chrono Boost)  
  35  3:04  Oracle (Chrono Boost)  
  36  3:08  Probe  
  36  3:12  Probe  
  41  3:20  Probe  
  41  3:26  Pylon, Probe  
  43  3:34  Gateway  
  43  3:36  Gateway  
  43  3:40  Probe  
  44  3:41  Probe  
  44  3:44  Twilight Council  
  45  3:53  Probe x2  
  47  4:05  Probe x2  
  49  4:15  Blink (Chrono Boost)  
  49  4:16  Pylon, Assimilator  
  46  4:17  Probe  
  46  4:18  Probe  
  46  4:20  Shield Battery  
  46  4:21  Stalker  
  50  4:28  Stalker  
  50  4:31  Stalker, Pylon  
  53  4:34  Probe x2  
  53  4:37  Gateway  
  56  4:44  Stalker  
  56  4:55  Stalker x2  
  58  5:05  Shield Battery  
  54  5:08  Stalker  
  54  5:09  Pylon  
  56  5:14  Pylon  
  56  5:15  Nexus  
  56  5:18  Stalker  
  58  5:21  Stalker  
  60  5:30  Phoenix  
  60  5:34  Probe x2  
  64  5:36  Stalker  
  64  5:38  Stalker  
  68  5:46  Probe x2  
  70  5:52  Stalker  
  70  5:56  Robotics Facility  
  72  5:58  Probe  
  72  5:59  Probe, Forge  
  72  6:03  Charge (Chrono Boost)  
  74  6:10  Probe  
  74  6:11  Pylon, Probe  
  74  6:19  Protoss Ground Armor Level 1 (Chrono Boost)  
  74  6:23  Probe x2  
  74  6:25  Gateway x2  
  76  6:27  Gateway  
  76  6:33  Gateway  
  76  6:35  Sentry, Probe  
  76  6:38  Sentry  
  81  6:45  Gateway  
  81  6:46  Gateway  
  81  6:47  Stalker  
  81  6:49  Stalker  
  85  6:58  Immortal (Chrono Boost)  
  89  7:09  Pylon x2  
  89  7:10  Zealot x2  
  89  7:11  Zealot  
  89  7:13  Zealot  
  97  7:19  Pylon  
  97  7:22  Zealot x2  
  101  7:27  Pylon x2  
  101  7:29  Zealot  
  103  7:30  Templar Archives  
  103  7:31  Zealot  
  105  7:39  Zealot x3  
  111  7:53  Zealot x3  
  111  7:54  Zealot x3  
  111  7:58  Zealot  
  125  8:02  Pylon  
  125  8:04  Pylon  
  125  8:08  Immortal  
  129  8:17  Stalker x3  
  135  8:23  Zealot x3  
  139  8:40  High Templar x2, Zealot x3  
  139  8:41  Zealot  
  145  8:47  Zealot x3  
  150  8:55  Archon  
  150  8:59  Zealot  
  150  9:00  Pylon  
  150  9:02  Pylon, Zealot x2  
  156  9:06  Zealot  
  156  9:07  Zealot  
  156  9:12  Pylon  
  156  9:20  High Templar x2, Zealot x4  
  156  9:24  Archon, Zealot x2  
  167  9:31  Observer  
  165  9:42  Zealot x6  
  177  9:54  Zealot x2  
  159  10:10  Zealot x8  
  153  10:19  Nexus  
  151  10:22  Observer (Chrono Boost)  
  151  10:27  High Templar x2  
  151  10:31  Archon  
  151  10:32  Zealot x3  
  151  10:35  Zealot  
  159  10:38  Zealot  
  159  10:39  Zealot  
  117  11:03  Zealot x8  
  109  11:14  Observer  
  109  11:15  Pylon  
  109  11:16  Robotics Bay  
  107  11:26  Stalker x3, Zealot x3  
  107  11:31  Observer  
  120  11:40  Probe x4  
  120  11:43  Protoss Ground Weapons Level 1 (Chrono Boost)  
  121  11:49  Robotics Facility  
  121  11:52  Probe x3  
  124  12:11  Zealot x9  
  140  12:16  Extended Thermal Lance  
  140  12:21  Colossus (Chrono Boost)  
  146  12:30  Assimilator  
  146  12:31  Shield Battery  
  146  12:33  Assimilator  
  146  12:34  Zealot x3  
  152  12:40  Probe  
  152  12:41  Zealot x3  
  159  12:46  Colossus (Chrono Boost)  
  164  13:02  Colossus (Chrono Boost)  
  166  13:09  Stalker  
  166  13:10  Stalker  
  169  13:15  Photon Cannon  
  169  13:17  Pylon  
  169  13:19  Zealot x3  
  175  13:20  Zealot  
  175  13:26  Observer (Chrono Boost)  
  176  13:30  High Templar x2  
  176  13:31  Zealot x2  
  184  13:35  Archon  
  184  13:39  Disruptor (Chrono Boost)  
  183  13:50  Nexus  
  183  13:51  Stalker x2  
  185  13:55  Zealot x3  
  185  14:05  Disruptor (Chrono Boost), Zealot x2  
  185  14:06  Zealot x2  
  196  14:14  Disruptor (Chrono Boost)  
  194  14:23  Pylon  
  193  14:37  Forge  
  191  14:40  Disruptor  
  192  14:48  Probe, Shield Battery  
  192  14:49  Probe x2  
  192  14:50  Photon Cannon  
  193  14:55  Stalker x3  
  197  15:00  Disruptor  
  188  15:22  Zealot x6  
Tags
 
Add a new tag
Caveats
  • Supply blocks, unpowered buildings, or Contaminate may cause inaccurate times.
  • Supply counts are checked every 10 seconds.